 Seeded DCSS version 0.27-a0-1188-g73eefd5def (webtiles) character file.

Game seed: 16767568107801894396 (custom seed)

174033 Shayle the Demonic Catastrophe (level 17, -4/140 HPs)
             Began as a Demonspawn Warper on May 21, 2021.
             Was an Elder of Qazlal.
             Slain by a vampire knight
             ... wielding a +3 battleaxe
              (9 damage)
             ... while paralysed by a vampire knight
             ... on level 4 of the Swamp.
             The game lasted 02:12:29 (38990 turns).

Shayle the Demonic Catastrophe (Demonspawn Warper) Turns: 38990, Time: 02:12:29

Health: -4/140     AC: 15    Str: 19    XL:     17   Next: 44%
Magic:  31/31      EV:  2    Int: 18    God:    Qazlal [****..]
Gold:   2226       SH:  0    Dex: 23    Spells: 15/20 levels left

rFire    + + .     SeeInvis .   b - +9 lance "Wyrmbane" {slay drac, rPois rF+ rC+ AC+3}
rCold    + + .     Faith    .   n - +2 buckler
rNeg     + . .     Spirit   .   L - +2 leather armour {rF+}
rPois    +         Reflect  .   (helmet unavailable)
rElec    +         Harm     .   t - +2 cloak
rCorr    .         Rampage  .   (no gloves)
Will     +....                  h - +2 pair of boots {Fly}
Stlth    ++........             V - macabre finger necklace {rN+}
HPRegen  0.33/turn              p - +6 ring of dexterity
MPRegen  0.22/turn              l - ring "Jetwoak" {rElec rC+ Str+2}
                                (no ring)

@: paralysed, mighty, flying, repel missiles
A: horns 3, thin skeletal structure 2, powered by death 1, powered by pain 2,
corrupting presence 1, fangs 1, clever 1
a: Renounce Religion, Upheaval, Elemental Force


You were on level 4 of the Swamp.
You worshipped Qazlal.
Qazlal was greatly pleased with you.
You visited 5 branches of the dungeon, and saw 26 of its levels.
You also visited: Ossuary and Bailey.

You collected 3932 gold pieces.
You spent 1706 gold pieces at shops.

Inventory:

Hand Weapons
 b - the +9 lance "Wyrmbane" (weapon) {slay drac, rPois rF+ rC+ AC+3}
   (You found it on level 9 of the Dungeon)

   It affects your AC (+3).
   It protects you from fire.
   It protects you from cold.
   It protects you from poison.
 X - the +10 dagger of Dissent {vamp, rElec rF+ Str+4 Dex+3}
   (You found it on level 6 of the Lair of Beasts)

   It inflicts no extra harm, but heals its wielder when it wounds a living foe.
   It affects your strength (+4).
   It affects your dexterity (+3).
   It protects you from fire.
   It insulates you from electricity.
Missiles
 r - 2 silver boomerangs
 J - 6 curare-tipped darts (quivered)
 Q - 3 throwing nets
 S - 5 atropa-tipped darts
Armour
 h - a +2 pair of boots of flying (worn)
 n - a +2 buckler (worn)
 t - a +2 cloak (worn)
 L - a +2 leather armour of fire resistance (worn)
Jewellery
 a - a ring of wizardry
 c - an amulet of regeneration
 l - the ring "Jetwoak" (right hand) {rElec rC+ Str+2}
   (You acquired it on level 2 of the Dungeon)

   [ring of protection from cold]

   It affects your strength (+2).
   It protects you from cold.
   It insulates you from electricity.
 m - the ring of Putulod {rF+ rC++ rN+ Str+4 Slay-2}
   (You acquired it on level 2 of the Dungeon)

   [ring of protection from fire]

   It affects your strength (+4).
   It affects your accuracy and damage with ranged weapons and melee attacks
   (-2).
   It protects you from fire.
   It greatly protects you from cold.
   It protects you from negative energy.
 p - a +6 ring of dexterity (left hand)
 u - a +6 ring of dexterity
 y - a ring of magical power
 V - the macabre finger necklace (around neck) {rN+}
   (You found it on level 2 of the Lair of Beasts)

   [amulet of nothing]

   It enables you to equip an extra ring.
   It protects you from negative energy.
Wands
 A - a wand of paralysis (5)
 P - a wand of charming (8)
 T - a wand of flame (63)
Scrolls
 d - a scroll of brand weapon
 e - a scroll of silence
 f - 9 scrolls of amnesia
 g - 4 scrolls of vulnerability
 j - a scroll of blinking
 o - 2 scrolls of torment
 s - 12 scrolls of teleportation
 w - 7 scrolls of identify
 x - 2 scrolls of holy word
 C - 5 scrolls of magic mapping
 F - 4 scrolls of fog
 W - 7 scrolls of fear
Potions
 i - 2 potions of invisibility
 q - a potion of berserk rage
 v - 20 potions of curing
 B - 5 potions of haste
 D - 3 potions of lignification
 E - 4 potions of mutation
 G - 4 potions of brilliance
 M - 6 potions of might
 U - 4 potions of heal wounds


   Skills:
 - Level 14.6 Fighting
 - Level 12.0 Polearms
 - Level 0.8 Throwing
 + Level 6.5 Armour
 - Level 10.7 Dodging
 - Level 4.0 Shields
 - Level 2.0 Spellcasting
 - Level 2.6 Translocations
 + Level 0.5 Transmutations
 + Level 0.6 Earth Magic
 - Level 20.5 Invocations
 + Level 8.8 Evocations


You had 15 spell levels left.
You knew the following spells:

 Your Spells              Type           Power      Damage    Failure   Level
a - Stone Arrow           Conj/Erth      4%         3d7       50%         3
b - Passwall              Tmut/Erth      2%         N/A       24%         2

Your spell library contained the following spells:

 Spells                   Type           Power      Damage    Failure   Level
 Apportation              Tloc           22%        N/A       7%          1
 Blink                    Tloc           N/A        N/A       11%         2
 Beastly Appendage        Tmut           6%         N/A       16%         1
 Sandblast                Erth           6%         2d5       16%         1
 Sting                    Tmut/Pois      8%         1d3       19%         1
 Animate Skeleton         Necr           2%         N/A       21%         1
 Corona                   Hex            1%         N/A       21%         1
 Freeze                   Ice            4%         1d3       21%         1
 Magic Dart               Conj           4%         1d3       21%         1
 Shock                    Conj/Air       4%         1d3       21%         1
 Summon Small Mammal      Summ           4%         N/A       21%         1
 Gell's Gravitas          Tloc           5%         N/A       21%         3
 Lesser Beckoning         Tloc           5%         N/A       21%         3
 Teleport Other           Tloc           11%        N/A       21%         3
 Wereblood                Tmut           3%         N/A       24%         2
 Corpse Rot               Necr/Air       N/A        N/A       30%         2
 Poisonous Vapours        Pois/Air       2%         N/A       30%         2
 Searing Ray              Conj           2%         3d3       30%         2
 Static Discharge         Conj/Air       1%         N/A       30%         2
 Ignite Poison            Fire/Tmut/Pois 2%         N/A       50%         3
 Spider Form              Tmut/Pois      1%         N/A       50%         3
 Confusing Touch          Hex            1%         N/A       52%         3
 Dazzling Flash           Conj/Hex       2%         N/A       52%         3
 Frozen Ramparts          Ice            2%         1d2       52%         3
 Mephitic Cloud           Conj/Pois/Air  1%         N/A       52%         3
 Ozocubu's Armour         Ice            1%         N/A       52%         3
 Swiftness                Air            1%         N/A       52%         3
 Iskenderun's Mystic Bla  Conj/Tloc      6%         2d4       75%         4
 Petrify                  Tmut/Erth      3%         N/A       85%         4
 Ice Form                 Ice/Tmut       2%         N/A       88%         4
 Manifold Assault         Tloc           11%        N/A       88%         5
 Airstrike                Air            0%         N/A       90%         4
 Fulminant Prism          Conj/Hex       0%         3d6       90%         4
 Hailstorm                Conj/Ice       1%         3d3       90%         4
 Olgreb's Toxic Radiance  Pois           1%         N/A       90%         4
 Summon Forest            Summ/Tloc      3%         N/A       97%         5
 Hydra Form               Tmut           1%         N/A       99%         5
 Lee's Rapid Deconstruct  Erth           1%         3d5*      99%         5
 Lightning Bolt           Conj/Air       0%         1d11      99%         5
 Metabolic Englaciation   Hex/Ice        0%         N/A       99%         5
 Yara's Violent Unravell  Hex/Tmut       1%         3d3       99%         5
 Eringya's Noxious Bog    Tmut/Pois      1%         N/A       100%        6
 Summon Hydra             Summ           0%         N/A       100%        7


Dungeon Overview and Level Annotations

Branches:
Dungeon (14/15)            Temple (1/1) D:5            Lair (6/6) D:8
  Swamp (4/4) Lair:3        Snake (0/4) Lair:3        Slime (0/5) Lair:6
    Orc (1/2) D:12        Ossuary (visited)          Bailey (visited)
 Vaults: D:13-14

Altars:
Ashenzari
Cheibriados
Dithmenos
Elyvilon
Fedhas
Gozag
Hepliaklqana
Kikubaaqudgha
Makhleb
Nemelex Xobeh
Okawaru
Qazlal
Ru
Sif Muna
Trog
Uskayaw
Vehumet
Wu Jian
Xom
Yredelemnul
Zin
The Shining One
Jiyva

Shops:
D:1 !   D:2 ::!(*   D:5 [(   D:6 [(*!   D:7 !   D:11 *   D:13 =

Annotations:
D:12 2 transporters, exclusion: ice statue, tehphobia's ghost, journeyman SpVM


Innate Abilities, Weirdness & Mutations

You have a pair of large horns on your head.
You have a moderately thin skeletal structure. (Dex +4, Stealth++)
You regenerate a little health from kills.
You sometimes gain power by taking damage.
Your presence sometimes corrodes those you injure.
You have very sharp teeth.
Your mind is acute. (Int +2)


Message History

You hear some strange, mumbled words.
The swamp drake barely misses you.
You can move again.
You puncture the swamp drake!
The swamp drake convulses!
The swamp drake is heavily wounded.
Something hits you!!
You hear a splashing noise.
Unknown command.
You puncture the swamp drake!
The swamp drake convulses!
You kill the swamp drake!
Qazlal accepts your kill.
You hear a splashing noise. x2
Unknown command.
Something hits you!!
You focus on the pain.
You feel very mighty all of a sudden. Something bites you but does no damage.
Things that are here:
+0 swamp dragon scales; a swamp drake corpse; a swamp dragon corpse You hear a splashing noise.
Something bites you.
You hear a splashing noise.
You block something's attack.
There is a strange disturbance nearby!
There is a strange disturbance nearby!
A stone appears from out of thin air!
The stone hits you!
You hear a splashing noise.
Something bites you.
Something draws strength from your injuries!
You suddenly lose the ability to move!
Something hits you!
* * * LOW HITPOINT WARNING * * *
Something bites you but does no damage. Something hits you!!
* * * LOW HITPOINT WARNING * * *
Something bites you but does no damage.
You hear a splashing noise. x2
Something hits you!
* * * LOW HITPOINT WARNING * * *
Something bites you!
You die...

≈≈≈≈≈≈≈..≈♣♣≈≈.
.....≈≈.≈..
≈≈§≈≈≈≈≈≈...... ♣
.≈≈..≈##).D
≈≈≈.≈≈≈≈≈.≈≈≈.≈ .♣.§§≈≈♣
♣♣. ≈≈.<.≈≈≈≈§≈≈≈..
≈.≈≈≈≈# #.
≈≈.≈≈≈≈≈≈..♣♣♣♣ ♣.≈≈≈♣ ≈
≈≈≈≈≈≈≈≈...♣ ♣≈≈≈♣
≈≈≈≈≈≈≈..≈♣♣ ♣♣♣♣♣♣≈≈#
≈≈≈≈≈≈≈≈♣♣♣♣♣♣♣♣≈.○..≈≈#
..≈≈≈≈.♣♣♣≈..♣♣≈@{§≈.###
≈≈≈≈≈≈.[♣≈≈≈≈≈≈☼≈≈≈≈##
≈..≈§≈(≈..[≈≈♣.≈≈○###
..≈≈≈≈≈≈.≈≈.♣♣.§≈##
..≈≈≈≈≈.≈≈≈♣♣♣♣♣.#
.≈≈≈≈§≈♣♣♣♣♣ ♣♣#
≈♣.≈≈≈≈♣ ♣♣♣♣♣..♣
♣♣≈♣♣≈♣♣


There were no monsters in sight!

Vanquished Creatures
  A fenstrider witch (Swamp:4)
  An orc warlord (Orc:1)
  The ghost of Nyzic the Grappler, a journeyman TrMo (Lair:4)
  6 bunyips
  2 eleionomae
  A fire dragon (Lair:6)
  2 shambling mangroves (Swamp:3)
  Erolcha (D:11)
  3 boulder beetles
  3 ghost crabs
  15 hydras
  3 centaur warriors
  4 two-headed ogres
  A catoblepas (Lair:6)
  12 alligators
  A tengu warrior (Swamp:2)
  3 death yaks (Lair:5)
  A skeletal warrior (D:14)
  6 goliath frogs
  A spriggan druid (Swamp:4)
  9 swamp dragons
  A bog body (Swamp:2)
  A flayed ghost (Swamp:4)
  4 spectral hydras (Swamp:4)
  3 orc knights (Orc:1)
  2 wolf spiders (Lair:6)
  A deep elf pyromancer (D:13)
  3 orc sorcerers (Orc:1)
  2 oklob plants (Lair:2)
  8 cyclopes
  3 will-o-the-wisps
  3 manticores
  A black mamba (shapeshifter) (D:13)
  16 black mambas
  6 centaur zombies
  A guardian serpent (Lair:6)
  16 cane toads
  4 elephants
  Maggie (D:9)
  Psyche (D:8)
  An unseen horror (D:11)
  4 rime drakes
  A tengu conjurer (Swamp:2)
  A freezing wraith (Swamp:4)
  17 komodo dragons
  2 hydra zombies (Swamp:4)
  3 trolls
  A jumping spider (shapeshifter) (D:13)
  2 meliai (D:11)
  2 slime creatures (D:13)
  6 blink frogs
  10 hornets
  11 tyrant leeches
  A raiju (shapeshifter) (D:11)
  12 dream sheep (Lair:6)
  5 spriggans
  2 redbacks (Lair:6)
  2 wraiths
  A water elemental (D:12)
  A shadow (D:9)
  12 wyverns
  47 yaks
  16 vampire mosquitoes
  4 basilisks
  A catoblepas simulacrum (Lair:4)
  Grum (D:8)
  3 wargs
  4 steam dragons
  19 swamp worms
  2 acid dragons
  29 water moccasins
  3 hydra simulacra
  11 swamp drakes
  An ice beast (D:7)
  2 black bears
  2 ogres
  38 orc warriors
  A swamp dragon zombie (Swamp:4)
  2 necrophages
  11 wolves
  4 centaurs
  The ghost of Shayle the Skirmisher, an amateur DsWr (D:3)
  A swamp dragon skeleton (Swamp:4)
  3 black mamba simulacra (Lair:4)
  Blork the orc (D:6)
  2 phantoms (D:6)
  A kobold brigand (D:8)
  11 bullfrogs
  3 gnoll sergeants
  3 scorpions
  2 water moccasin skeletons
  A wyvern skeleton (D:3)
  3 killer bees (D:9)
  5 wights
  11 electric eels
  A rime drake simulacrum (Lair:4)
  9 howler monkeys
  2 bullfrog zombies (D:6)
  2 hounds
  A jelly (D:5)
  6 orc priests
  A bullfrog skeleton (D:5)
  Jessica (D:2)
  A centaur skeleton (D:7)
  Terence (D:3)
  10 iguanas
  13 orc wizards
  A killer bee zombie (D:7)
  A hound skeleton (D:5)
  2 mummies
  23 gnolls
  A howler monkey skeleton (D:6)
  4 adders
  3 worms
  The ghost of flotson the Covert, a weakling GnDe (D:3)
  5 dart slugs
  61 orcs
  6 spectral bats (Ossuary)
  8 ball pythons
  3 endoplasms
  4 giant cockroaches
  12 gnoll zombies (Ossuary)
  27 goblins
  22 hobgoblins
  15 jackals
  9 kobolds
  7 quokkas
  9 bats
  4 bat simulacra (Ossuary)
  2 frilled lizards
  6 goblin simulacra (Ossuary)
  10 goblin zombies (Ossuary)
  A hobgoblin zombie (Ossuary)
  3 kobold simulacra (Ossuary)
  2 kobold zombies (Ossuary)
  7 orc zombies
  5 rats
  3 rat simulacra (Ossuary)
  4 spectral goblins (Ossuary)
  3 spectral kobolds (Ossuary)
  4 spectral rats (Ossuary)
826 creatures vanquished.

Vanquished Creatures (collateral kills)
  An orc warlord (Bailey)
  A vampire knight (Swamp:3)
  An alligator (Swamp:2)
  A spriggan (Swamp:2)
  A hornet (Swamp:2)
  2 dream sheep (Lair:6)
  An orc warrior (Orc:1)
  An orc (Orc:1)
  A hobgoblin (Bailey)
10 creatures vanquished.

Vanquished Creatures (others)
  A cane toad (Lair:6)
  A meliai (D:11)
  A bloated husk (Swamp:2)
  A bush (Lair:3)
  12 foxfires
  56 fungi
  117 plants
  6 withered plants (D:3)
195 creatures vanquished.

Grand Total: 1031 creatures vanquished

Notes
Turn   | Place    | Note
-------+----------+-------------------------------------------
     0 | D:1      | Shayle the Demonspawn Warper began the quest for the Orb.
     0 | D:1      | Reached XP level 1. HP: 16/16 MP: 3/3
    58 | D:1      | Gained mutation: You regenerate a little health from kills.
                  | [demonic ancestry]
    58 | D:1      | Reached XP level 2. HP: 14/23 MP: 5/5
   998 | D:1      | Gained mutation: You have a somewhat thin skeletal
                  | structure. (Dex +2, Stealth+) [demonic ancestry]
   998 | D:1      | Reached XP level 3. HP: 26/28 MP: 6/6
  1039 | D:1      | Found Diutwad's Distillery.
  1395 | D:2      | You fall into a shaft and drop 1 floor!
  1408 | D:3      | Gained mutation: You sometimes gain a little power by
                  | taking damage. [demonic ancestry]
  1408 | D:3      | Reached XP level 4. HP: 20/35 MP: 7/7
  1942 | D:2      | Found Teehij's Book Shoppe.
  1961 | D:2      | Noticed Jessica
  1966 | D:2      | Killed Jessica
  2034 | D:2      | Found Yhugen's Distillery.
  2089 | D:2      | Found Xeatox's Weapon Boutique.
  2174 | D:2      | Gained mutation: You have a pair of small horns on your
                  | head. [demonic ancestry]
  2174 | D:2      | Reached XP level 5. HP: 8/41 MP: 8/8
  2175 | D:2      | Found Sidd's Assorted Antiques.
  2457 | D:2      | Bought 2 scrolls labelled ZUMAISOSKEU for 46 gold pieces
  2727 | D:2      | Found a faded altar of an unknown god.
  3221 | D:2      | Found Isyupont's Book Shoppe.
  3225 | D:2      | Acquired the ring "Jetwoak" {rElec rC+ Str+2}
  3226 | D:2      | Acquired the ring of Putulod {rF+ rC++ rN+ Str+4 Slay-2}
  3227 | D:2      | Acquired a +2 pair of boots of flying
  3949 | D:3      | Found a runed translucent gate.
  3949 | D:3      | Found a runed translucent gate.
  3949 | D:3      | Found a runed translucent gate.
  3962 | D:3      | Noticed Shayle's ghost (amateur DsWr)
  3962 | D:3      | Noticed flotson's ghost (weakling GnDe)
  4149 | D:3      | Noticed Terence
  4157 | D:3      | Killed Terence
  4627 | D:4      | Reached XP level 6. HP: 11/48 MP: 9/9
  4928 | D:4      | Reached skill level 5 in Polearms
  5009 | D:4      | Identified the +1 hunting sling of the Extremes {speed,
                  | Int+2}
  5050 | D:2      | Bought a potion of curing for 30 gold pieces
  5050 | D:2      | Bought a potion of curing for 30 gold pieces
  5050 | D:2      | Bought a potion of heal wounds for 50 gold pieces
  5716 | D:5      | Entered Level 5 of the Dungeon
  5730 | D:5      | Reached XP level 7. HP: 50/55 MP: 10/10
  5786 | D:5      | Found Vaseimnedi's Antique Armour Emporium.
  5807 | D:5      | Reached skill level 5 in Fighting
  5921 | D:5      | Found a staircase to the Ecumenical Temple.
  5951 | Temple   | Entered the Ecumenical Temple
  6493 | D:5      | Found Wumesok's Antique Weapon Shop.
  6821 | D:6      | Gained mutation: You have a pair of horns on your head.
                  | [demonic ancestry]
  6821 | D:6      | Reached XP level 8. HP: 44/64 MP: 11/11
  7259 | D:6      | Found Coam's Armour Boutique.
  7320 | D:7      | Found Qext's Distillery.
  7329 | D:7      | Bought a potion of lignification for 39 gold pieces
  7329 | D:7      | Bought a potion of degeneration for 13 gold pieces
  7329 | D:7      | Bought a potion of berserk rage for 65 gold pieces
  7911 | D:6      | Noticed Blork the orc
  7927 | D:6      | Killed Blork the orc
  8094 | D:6      | Found a basalt altar of Yredelemnul.
  8095 | D:6      | Found a shadowy altar of Dithmenos.
  8096 | D:6      | Found an ancient bone altar of Kikubaaqudgha.
  8172 | D:6      | Found Vuiluwn's Distillery.
  8215 | D:6      | Found Iciwanlao's Assorted Antiques.
  8487 | D:7      | Noticed a cyclops
  8492 | D:7      | Killed a cyclops
  8493 | D:7      | Reached XP level 9. HP: 26/72 MP: 12/12
  8904 | D:7      | Paralysed by an orc warrior for 6 turns
  9068 | D:7      | Noticed a six-headed hydra
  9220 | D:8      | Reached skill level 10 in Polearms
  9336 | D:8      | Found a sand-covered staircase.
  9341 | Ossuary  | Entered an ossuary
  9812 | Ossuary  | Acquired 559 gold pieces
 10226 | D:8      | Found a staircase to the Lair.
 10356 | D:8      | Noticed Psyche
 10380 | D:8      | Killed Psyche
 10537 | D:8      | Reached XP level 10. HP: 42/82 MP: 13/13
 10845 | D:8      | Noticed Grum
 10868 | D:8      | Killed Grum
 12257 | D:6      | Found Syxaewk's Antique Weapon Shop.
 13969 | D:9      | Found the +8 lance "Wyrmbane" {slay drac, rPois rF+ rC+
                  | AC+3}
 14013 | D:9      | Noticed a two-headed ogre
 14048 | D:9      | Killed a two-headed ogre
 14080 | D:9      | Noticed Maggie
 14100 | D:9      | Killed Maggie
 14101 | D:9      | Reached skill level 10 in Fighting
 14489 | D:9      | Found a stormy altar of Qazlal.
 14493 | D:9      | Became a worshipper of Qazlal Stormbringer
 14504 | D:9      | Found a bloodstained altar of Trog.
 14507 | D:9      | Found a broken altar of Ashenzari.
 14510 | D:9      | Found a shimmering blue altar of Sif Muna.
 14588 | D:10     | Entered Level 10 of the Dungeon
 14972 | D:10     | Reached skill level 1 in Invocations
 15010 | D:10     | Identified the +5 falchion of Righteous Fury {drain, rF-
                  | rC+++ rN+ Stlth-}
 15292 | D:10     | Reached skill level 2 in Invocations
 15292 | D:10     | Reached XP level 11. HP: 89/92 MP: 14/14
 15428 | D:11     | Reached skill level 3 in Invocations
 15459 | D:11     | Noticed a boulder beetle
 15503 | D:11     | Killed a boulder beetle
 15504 | D:11     | Reached skill level 4 in Invocations
 15836 | D:7      | Bought a potion of curing for 39 gold pieces
 15836 | D:7      | Bought 2 potions of heal wounds for 130 gold pieces
 15954 | D:1      | Bought a potion of experience for 550 gold pieces
 15954 | D:1      | Bought a potion of heal wounds for 55 gold pieces
 15954 | D:1      | Bought a potion of curing for 33 gold pieces
 15954 | D:1      | Bought 2 potions of curing for 66 gold pieces
 15955 | D:1      | Reached skill level 10 in Invocations
 15955 | D:1      | Gained mutation: You have a moderately thin skeletal
                  | structure. (Dex +4, Stealth++) [demonic ancestry]
 15955 | D:1      | Reached XP level 12. HP: 98/98 MP: 14/19
 16261 | Lair:1   | Entered Level 1 of the Lair of Beasts
 16272 | Lair:1   | You are sucked into a shaft and drop 1 floor!
 16490 | Lair:1   | Reached skill level 11 in Invocations
 16533 | Lair:1   | Reached * piety under Qazlal
 17119 | Lair:1   | Reached skill level 12 in Invocations
 17799 | Lair:1   | Identified the +1 leather armour of Vimoti Juppu {Rampage
                  | Drain rElec rF++}
 18266 | Lair:2   | Noticed an eight-headed hydra
 18282 | Lair:2   | Killed an eight-headed hydra
 18288 | Lair:2   | Reached skill level 13 in Invocations
 19071 | Lair:2   | Gained mutation: You sometimes gain power by taking damage.
                  | [demonic ancestry]
 19071 | Lair:2   | Reached XP level 13. HP: 104/106 MP: 22/22
 19593 | Lair:3   | Reached ** piety under Qazlal
 20306 | Lair:3   | Found a staircase to the Snake Pit.
 20486 | Lair:3   | Found a staircase to the Swamp.
 20605 | Lair:4   | Reached skill level 14 in Invocations
 20833 | Lair:4   | You are sucked into a shaft and drop 2 floors!
 20833 | Lair:6   | Entered Level 6 of the Lair of Beasts
 21210 | Lair:5   | Reached skill level 15 in Invocations
 21678 | Lair:4   | Found a runed translucent gate.
 21678 | Lair:4   | Found a runed translucent gate.
 21678 | Lair:4   | Found a runed translucent gate.
 22175 | Lair:4   | Noticed Nyzic's ghost (journeyman TrMo)
 23182 | Lair:5   | Reached *** piety under Qazlal
 23455 | Lair:6   | Found a staircase to the Slime Pits.
 23456 | Lair:6   | Found a viscous altar of Jiyva.
 23478 | Lair:6   | Reached skill level 16 in Invocations
 23706 | Lair:6   | Reached XP level 14. HP: 116/116 MP: 26/26
 24411 | Lair:6   | Identified the +9 halberd "Colom" {freeze, Drain Will+
                  | Str+5 SInv}
 24682 | Lair:6   | Reached **** piety under Qazlal
 24683 | Lair:6   | Reached skill level 1 in Evocations
 24691 | Lair:6   | Reached skill level 1 in Shields
 24691 | Lair:6   | Reached skill level 17 in Invocations
 24699 | Lair:6   | Identified the +10 dagger of Dissent {vamp, rElec rF+ Str+4
                  | Dex+3}
 26055 | D:3      | Killed Shayle's ghost
 26059 | D:3      | Killed flotson's ghost
 26202 | D:6      | Bought a potion of curing for 36 gold pieces
 26202 | D:6      | Bought a potion of heal wounds for 60 gold pieces
 26202 | D:6      | Bought a potion of might for 48 gold pieces
 26202 | D:6      | Bought a potion of heal wounds for 60 gold pieces
 26202 | D:6      | Bought a potion of haste for 120 gold pieces
 26202 | D:6      | Bought a potion of heal wounds for 60 gold pieces
 26318 | D:1      | Bought 2 potions of mutation for 176 gold pieces
 26845 | D:11     | Found Jioreniu's Serpentskin Sales.
 26849 | D:11     | Reached skill level 10 in Dodging
 26907 | D:11     | Identified the +5 rapier of Drought {vorpal, rF+ rCorr}
 27133 | D:11     | Noticed Erolcha
 27154 | D:11     | Killed Erolcha
 27495 | D:12     | Noticed tehphobia's ghost (journeyman SpVM)
 27997 | D:12     | Found a staircase to the Orcish Mines.
 28092 | D:12     | Found a transporter.
 28092 | D:12     | Found a transporter.
 28167 | D:13     | Found Fopn's Jewellery Boutique.
 28270 | D:13     | Reached ***** piety under Qazlal
 28698 | D:13     | Identified the +2 leather armour of Exclusion {Drain rC+
                  | rCorr Int+2}
 29230 | D:14     | Reached XP level 15. HP: 114/124 MP: 27/27
 29235 | D:14     | Reached skill level 18 in Invocations
 29423 | D:14     | Found an iron altar of Okawaru.
 30329 | Orc:1    | Entered Level 1 of the Orcish Mines
 30330 | Orc:1    | Found a flagged portal.
 30360 | Bailey   | Entered a bailey
 30486 | Bailey   | Noticed an orc warlord
 30500 | Bailey   | Killed an orc warlord
 31140 | Orc:1    | Noticed an orc warlord
 31143 | Orc:1    | Identified the +3 ring mail of Paranoia {+Inv}
 31154 | Orc:1    | Killed an orc warlord
 31175 | Orc:1    | Noticed an orc warlord
 31494 | Swamp:1  | Entered Level 1 of the Swamp
 31529 | Lair:3   | Reached skill level 5 in Evocations
 31830 | Lair:4   | Reached skill level 1 in Armour
 31849 | Lair:4   | Killed Nyzic's ghost
 32020 | Lair:4   | Identified the +6 dagger of Jykhoecs {flame, SInv}
 32024 | Lair:4   | Acquired a +1 hat of willpower
 32032 | Lair:4   | Gained mutation: You have a pair of large horns on your
                  | head. [demonic ancestry]
 32032 | Lair:4   | Reached XP level 16. HP: 132/132 MP: 29/29
 32172 | Lair:2   | Found the macabre finger necklace {rN+}
 32745 | Swamp:1  | Reached skill level 19 in Invocations
 33389 | Swamp:1  | Acquired 1328 gold pieces
 34407 | Swamp:2  | Reached skill level 5 in Armour
 35630 | Swamp:3  | Gained mutation: Your presence sometimes corrodes those you
                  | injure. [demonic ancestry]
 35630 | Swamp:3  | Reached XP level 17. HP: 139/139 MP: 30/30
 36656 | Swamp:4  | Entered Level 4 of the Swamp
 36812 | Swamp:3  | Reached skill level 20 in Invocations
 38249 | Swamp:4  | Paralysed by a vampire knight for 3 turns
 38421 | Swamp:3  | Paralysed by a vampire knight for 2 turns
 38809 | Swamp:3  | Gained mutation: You have very sharp teeth. [potion of
                  | mutation]
 38809 | Swamp:3  | Gained mutation: Your mind is acute. (Int +2) [potion of
                  | mutation]
 38814 | Swamp:3  | Learned a level 3 spell: Stone Arrow
 38817 | Swamp:3  | Learned a level 2 spell: Passwall
 38978 | Swamp:4  | Paralysed by something for 3 turns
 38987 | Swamp:4  | Paralysed by something for 4 turns
 38990 | Swamp:4  | HP: 5/140 [something (8)]
 38990 | Swamp:4  | Slain by a vampire knight

Illustrated notes

Levels and vault maps discovered:
D:1:      dpeg_arrival_pits, layout_loops_ring, serial_shops, shop,
          minmay_pentomino_w4
D:2:      layout_basic, serial_shops, nicolae_shop_behind_doors, shop,
          shop_statue, shop, nicolae_shop_statue_plus,
          shapermc_ecumenical_altar_totnotflames, uniq_jessica
D:3:      layout_loops_corners, good_gods_mini_temple, gammafunk_ghost_cemetery,
          uniq_terence, uniq_crazy_yiuf_cottage
D:4:      layout_rooms, minmay_misc_feat_tower, minivault_11
D:5:      layout_basic, minmay_temple_entry_junction, serial_shops,
          nicolae_shop_waterfront, shop
D:6:      layout_gridville, gammafunk_temple_overflow_claw, serial_bayou,
          serial_bayou_pond_b, serial_bayou_pond_a, serial_bayou_lagoon_b,
          serial_shops, kennysheep_little_box, kennysheep_mini, shop, shop,
          uniq_blork_the_orc
D:7:      layout_gridville, serial_shops, shop, minmay_small_thing
D:8:      layout_cave_pods, lair_entry_dummy, nicolae_ossuary_entry_giza,
          kennysheep_nondescript, uniq_grum, uniq_psyche
D:9:      layout_small_grid, grunt_temple_overflow_cloverleaf, uniq_maggie,
          uniq_joseph
D:10:     layout_basic
D:11:     layout_roguey, corexii_hall_statues_x, guppyfry_shop_venom,
          uniq_erolcha
D:12:     layout_basic, david_orc_3, nzn_ghost_randoct
D:13:     layout_loops_ring, serial_shops, shop, hangedman_decor_opposing
D:14:     layout_roguey, david_vaults_2, okawaru_metal_pillars_1_2, minivault_19
Temple:   nicolae_temple_hex_pool
Lair:1:   layout_long_grid
Lair:2:   layout_cave_pods, minivault_19, small_statue_intersection,
          serial_bayou_shore_a, grunt_megastairs_2, minmay_lair_oklob_chamber
Lair:3:   layout_gridlike, minmay_swamp_entry_worms, dummy_snake_entry
Lair:4:   layout_regular_city, gammafunk_ghost_icy
Lair:5:   layout_cave_pods
Lair:6:   hangedman_lair_tendril_chambers, layout_small_grid,
          guppyfry_lair_end_dragon, slime_altar_1, serial_bayou_shore_b,
          infiniplex_staircase_pool
Swamp:1:  layout_basic_swamp, nicolae_swamp_round_clearing, swamp_pool1
Swamp:2:  layout_basic_swamp, evilmike_swamp_ruin_wall, swamp_pool1,
          kb_tengu_band
Swamp:3:  layout_falls_marsh, hangedman_swamp_pad
Swamp:4:  byrel_swamp_growth_death_and_undeath, layout_basic_swamp,
          infiniplex_staircase_pool_2
Orc:1:    layout_diamond_mine, enter_bailey_5, minmay_orc_treasury

Skill      XL: |  1  2  3  4  5  6  7  8  9 10 11 12 13 14 15 16 17 |
---------------+----------------------------------------------------+-----
Polearms       | 2 3 4 5 7 9 10 12 | 12.0
Fighting       | 3 4 5 7 8 10 11 12 13 14 | 14.6
Dodging        | 3 6 7 9 10 | 10.7
Invocations    | 2 10 13 16 17 18 19 20 | 20.5
Evocations     | 3 6 7 8 |  8.8
Shields        | 3 4 |  4.0
Armour         | 3 5 6 |  6.5
Throwing       | |  0.8
Spellcasting   | |  2.0
Translocations | |  2.6
Transmutations | |  0.5
Earth Magic    | |  0.6

Action                   |  1- 3 |  4- 6 |  7- 9 | 10-12 | 13-15 | 16-18 || total
-------------------------+-------+-------+-------+-------+-------+-------++-------
Melee: Spear             |   133 |       |       |       |       |       ||   133
       Trident           |     6 |    83 |       |       |       |       ||    89
       Scythe            |       |   145 |   404 |   103 |       |       ||   652
       Headbutt          |       |    24 |    85 |   121 |   410 |   204 ||   844
       Unarmed           |       |       |    12 |       |       |       ||    12
       Lance             |       |       |       |   357 |  1287 |   630 ||  2274
       Bite              |       |       |       |       |       |     3 ||     3
Throw: Boomerang         |     5 |     7 |     3 |     4 |       |       ||    19
       Dart              |       |       |     2 |    39 |     5 |       ||    46
Invok: Upheaval          |       |       |       |       |    10 |     2 ||    12
       Elemental Force   |       |       |       |       |     3 |     4 ||     7
       Disaster Area     |       |       |       |       |     2 |       ||     2
Evoke: Wand              |       |       |       |    11 |    36 |    59 ||   106
  Use: Scroll            |     1 |     3 |     1 |    16 |    13 |     4 ||    38
       Potion            |       |       |     1 |     6 |     4 |     8 ||    19
 Stab: Sleeping          |       |    10 |    15 |     1 |       |       ||    26
       Distracted        |       |     1 |       |     1 |     1 |       ||     3
       Paralysed         |       |       |       |       |    25 |    14 ||    39
Armor: Leather armour    |    49 |   102 |   242 |    96 |   163 |    97 ||   749
       Skin              |       |       |       |     2 |       |       ||     2
Dodge: Dodged            |    94 |   191 |   370 |   239 |   538 |   262 ||  1694
       Repelled          |       |       |       |       |     2 |     7 ||     9
Block: Other             |       |       |       |     3 |    31 |       ||    34
       Buckler           |       |       |       |       |   314 |   259 ||   573

Table legend: (Time is in decaauts)
 A = Elapsed time spent in this place.
 B = Non-inter-level travel time spent in this place.
 C = Inter-level travel time spent in this place.
 D = Time resting spent in this place.
 E = Time spent auto-exploring this place.
 F = Levels seen in this place.
 G = Mean time per level.
                   A        B        C        D        E       F      G
               +--------+--------+--------+--------+--------+-----+--------+
         Total |  38425 |  35583 |   2842 |  10736 |  16292 |  28 | 1372.3 |
       Dungeon |  20551 |  18578 |   1973 |   5277 |   8853 |  14 | 1467.9 |
        Temple |     74 |     74 |      0 |      0 |     68 |   1 |   74.0 |
          Lair |  10310 |   9568 |    742 |   2283 |   5169 |   6 | 1718.3 |
         Swamp |   6156 |   6030 |    126 |   3146 |   1700 |   4 | 1539.0 |
  Orcish Mines |    474 |    474 |      0 |      0 |    332 |   1 |  474.0 |
       Ossuary |    546 |    546 |      0 |     29 |    100 |   1 |  546.0 |
        Bailey |    312 |    312 |      0 |      0 |     69 |   1 |  312.0 |
               +--------+--------+--------+--------+--------+-----+--------+

Top non-repeatable levels by time:
 Swamp:3: 2839 daAuts
  Lair:6: 2211 daAuts
     D:8: 2172 daAuts
     D:7: 2145 daAuts
     D:3: 2126 daAuts
     D:6: 2003 daAuts
  Lair:3: 1981 daAuts
     D:1: 1823 daAuts
     D:2: 1724 daAuts
 Swamp:2: 1671 daAuts
  Lair:2: 1613 daAuts
  Lair:1: 1593 daAuts
  Lair:5: 1570 daAuts
     D:4: 1481 daAuts
    D:13: 1349 daAuts
